cohdb
Replays
Latest Replays
All Replays
Popular Replays
Top Player Replays
Match Explorer
How It Works
Community
CoH3 Stats
Reddit
Sign in to upload your games and track your stats! →
Sign in with Steam
2v2 DAK vs US, Rough Start Against Mech Engies
Match 19895972
Overview
Messages
Build Orders
End
Selects Armored Battlegroup
Selects Assault Engineers
Assault Engineer Squad
Assault Engineer Squad
Assault Engineer Squad
Construct Weapon Support Center
Mechanized Support Center
Bazooka Squad
Selects Fast Deploy
M16 Multiple Gun Motor Carriage
M16 Multiple Gun Motor Carriage
M1919 Machine Gun Team
Construct Medical Station
Selects M8 Scott SPG
M8 Scott SPG
M8 Scott SPG
Assault Engineer Squad
M1919 Machine Gun Team
M1919 Machine Gun Team
Selects M4A3E8 Sherman Combat Group
M4A3E8 Sherman Combat Group
Assault Engineer Squad
AI Takeover
PaniCoC
Lyco
Kwarzym
Ghost
0
0
Comments
sign in to comment!
No comments posted yet!